 Dungeon Crawl Stone Soup version 0.29-a0-243-g602b31c20e (webtiles) character file.

Game seed: 9378595452942463152

770 Ajdolov the Archer (level 7, -2/37 HPs)
             Began as a Spriggan Hunter on Mar 4, 2022.
             Slain by a water moccasin (6 damage)
             ... on level 5 of the Dungeon.
             The game lasted 00:04:46 (4294 turns).

Ajdolov the Archer (Spriggan Hunter)                Turns: 4294, Time: 00:04:47

Health: -2/37      AC:  2    Str:  8    XL:     7   Next: 53%
Magic:  8/8        EV: 17    Int: 12    God:
Gold:   203        SH:  0    Dex: 18    Spells: 6/6 levels left

rFire   . . .      SeeInvis +   a - +1 shortbow
rCold   . . .      Faith    .   (shield currently unavailable)
rNeg    . . .      Spirit   .   b - +0 robe
rPois   .          Reflect  .   (helmet restricted)
rElec   .          Harm     .   (no cloak)
rCorr   .          Rampage  .   (gloves unavailable)
Will    +....                   (boots unavailable)
Stlth   ++........              (no amulet)
HPRegen 0.12/turn               (no ring)
MPRegen 0.11/turn               (no ring)

@: mighty, lethally poisoned (-2 -> -12), very quick
A: very small, no large weapons, unfitting armour, see invisible, speed 3
a: no special abilities


You were on level 5 of the Dungeon.
You visited 1 branch of the dungeon, and saw 5 of its levels.

You collected 203 gold pieces.

Inventory:

Hand Weapons
 a - a +1 shortbow (weapon)
Armour
 b - a +0 robe (worn)
Jewellery
 f - a ring of ice
Scrolls
 d - 3 scrolls of teleportation
 e - 2 scrolls of blinking {unknown}
 g - a scroll of noise {unknown}
 h - 5 scrolls of amnesia
 o - 2 scrolls of fog
 s - 2 scrolls of immolation {unknown}
Potions
 c - 2 potions of curing {unknown}
 i - 2 potions of might
 j - a potion of magic {unknown}
 k - a potion of haste {unknown}
 l - 2 potions of brilliance {unknown}
 m - 2 potions of attraction {unknown}
 n - 2 potions of invisibility
 p - 2 potions of mutation {unknown}
 q - a potion of lignification {unknown}
 r - a potion of degeneration {unknown}


   Skills:
 + Level 4.2 Fighting
 * Level 9.6 Bows
 - Level 2.6 Dodging
 - Level 1.5 Stealth


You had 6 spell levels left.
You didn't know any spells.
Your spell library contained the following spells:

 Spells                   Type           Power      Damage    Failure   Level
 Animate Skeleton         Necr           0%         N/A       32%         1
 Pain                     Necr           0%         1d4       32%         1
 Slow                     Hex            0%         N/A       32%         1
 Sublimation of Blood     Necr           0%         N/A       45%         2
 Wereblood                Tmut           0%         N/A       45%         2
 Confusing Touch          Hex            0%         N/A       69%         3
 Vampiric Draining        Necr           0%         2d6       69%         3
 Summon Hydra             Summ           0%         N/A       100%        7


Dungeon Overview and Level Annotations

Branches:
Dungeon (5/15)
 Temple: D:4-7

Altars:
Dithmenos
Qazlal

Shops:
D:3 :


Innate Abilities, Weirdness & Mutations

You are very small and have problems with some larger weapons.
You are too small for most types of armour.
You have supernaturally acute eyesight. (SInv)
You cover ground extremely quickly. (Speed+++)


Message History

The arrow hits the water moccasin but does no damage.
The water moccasin is lightly wounded.
You shoot an arrow.
The arrow barely misses the water moccasin.
You shoot an arrow.
The arrow hits the water moccasin but does no damage.
The water moccasin is lightly wounded.
The water moccasin closely misses you.
You shoot an arrow. The arrow misses the water moccasin.
The water moccasin bites you.
You are poisoned.
The water moccasin poisons you! The water moccasin bites you!
You shoot an arrow. The arrow hits the water moccasin!
The water moccasin is heavily wounded.
You feel very sick. The water moccasin misses you.
You shoot an arrow.
The arrow closely misses the water moccasin.
You feel sick. The water moccasin closely misses you.
You shoot an arrow. The arrow hits the water moccasin.
The water moccasin is severely wounded.
You feel sick. The water moccasin bites you. x2
* * * LOW HITPOINT WARNING * * *
You are lethally poisoned!
The water moccasin poisons you!
You are too injured to fight recklessly!
Shoot: a) +1 shortbow
Press: ? - help, Q - select action Shift-Dir - straight line, f/p - water moccasin
Aim: a water moccasin (severely wounded, 54% to hit)
You shoot an arrow. The arrow misses the water moccasin.
* * * LOW HITPOINT WARNING * * *
You feel very sick. The water moccasin barely misses you.
Okay, then.
It was a potion of might.
You feel very mighty all of a sudden.
* * * LOW HITPOINT WARNING * * *
You feel very sick. The water moccasin closely misses you.
The water moccasin bites you.
You die...

#..........# #
#..........#.#
#...........#
#.......#.#
#...<....#
##.......#
##[...#....
###....## ...
#.S@#### .
........###
......###
...... ....#
####


You could see a water moccasin.

Vanquished Creatures
  Sigmund (D:4)
  A water moccasin (D:5)
  An ogre (D:4)
  A sky beast (D:5)
  A phantom (D:4)
  A hound (D:4)
  A jelly (D:4)
  An orc priest (D:3)
  An iguana (D:4)
  An orc wizard (D:3)
  2 adders
  3 worms (D:2)
  3 dart slugs
  7 orcs (D:3)
  14 ball pythons
  6 endoplasms
  5 giant cockroaches
  2 goblins
  2 hobgoblins
  7 jackals (D:3)
  3 kobolds (D:1)
  3 quokkas (D:4)
  4 bats
  3 frilled lizards
  4 rats
78 creatures vanquished.

Notes
Turn   | Place    | Note
-------+----------+-------------------------------------------
     0 | D:1      | Ajdolov the Spriggan Hunter began the quest for the Orb.
     0 | D:1      | Reached XP level 1. HP: 10/10 MP: 2/2
    41 | D:1      | Reached skill level 5 in Bows
   343 | D:1      | Reached XP level 2. HP: 15/15 MP: 3/3
   751 | D:2      | Reached XP level 3. HP: 18/18 MP: 4/4
   808 | D:2      | Found a faded altar of an unknown god.
  1201 | D:2      | Reached skill level 6 in Bows
  1765 | D:3      | Reached XP level 4. HP: 13/23 MP: 5/5
  2444 | D:3      | Reached XP level 5. HP: 27/27 MP: 6/6
  2458 | D:3      | Found Qoab's Book Emporium.
  2492 | D:3      | Found a stormy altar of Qazlal.
  2702 | D:4      | Noticed Sigmund
  2794 | D:4      | Noticed an ogre
  2824 | D:4      | Killed an ogre
  2825 | D:4      | Reached skill level 7 in Bows
  2944 | D:4      | Reached XP level 6. HP: 28/32 MP: 7/7
  2986 | D:4      | Reached skill level 8 in Bows
  3108 | D:4      | Found a shadowy altar of Dithmenos.
  3737 | D:4      | Killed Sigmund
  3738 | D:4      | Reached skill level 9 in Bows
  3738 | D:4      | Reached XP level 7. HP: 20/37 MP: 8/8
  3921 | D:5      | Entered Level 5 of the Dungeon
  4294 | D:5      | Slain by a water moccasin

Illustrated notes

Levels and vault maps discovered:
D:1:      amcnicky_arrival_choice, layout_rooms
D:2:      layout_basic, dreamdust_ecumenical_altar_statues
D:3:      layout_rooms, nicolae_qazlal_scattered_showers, serial_shops, shop,
          hex_large, nicolae_figureground_sparkle
D:4:      layout_basic, grunt_dithmenos_smoke_and_mirrors,
          nicolae_elevator_lobby_asterisk, uniq_sigmund
D:5:      layout_cave_pods, minmay_temple_entry_glassed_door, uniq_pikel

Skill      XL: |  1  2  3  4  5  6  7 |
---------------+----------------------+-----
Bows           | 5 6 7 9 |  9.6
Fighting       | 2 3 4 |  4.2
Dodging        | |  2.6
Stealth        | |  1.5

Action                   |  1- 3 |  4- 6 |  7- 9 || total
-------------------------+-------+-------+-------++-------
 Fire: Shortbow          |   118 |   101 |    27 ||   246
  Use: Scroll            |       |     4 |       ||     4
       Potion            |       |       |     1 ||     1
Armor: Robe              |     6 |       |     1 ||     7
Dodge: Dodged            |    48 |    15 |    10 ||    73

Table legend: (Time is in decaauts)
 A = Elapsed time spent in this place.
 B = Non-inter-level travel time spent in this place.
 C = Inter-level travel time spent in this place.
 D = Time resting spent in this place.
 E = Time spent auto-exploring this place.
 F = Levels seen in this place.
 G = Mean time per level.
                   A        B        C        D        E       F      G
               +--------+--------+--------+--------+--------+-----+--------+
         Total |   3330 |   3260 |     70 |    954 |   1854 |   5 |  666.0 |
       Dungeon |   3330 |   3260 |     70 |    954 |   1854 |   5 |  666.0 |
               +--------+--------+--------+--------+--------+-----+--------+

Top non-repeatable levels by time:
     D:4: 905 daAuts
     D:3: 776 daAuts
     D:2: 712 daAuts
     D:1: 566 daAuts
     D:5: 370 daAuts
